 Dungeon Crawl Stone Soup version 0.23-a0-393-g6e9e0f2 (webtiles) character file.

117 galech the Shield-Bearer (level 4, -3/35 HPs)
             Began as a Demonspawn Fighter on Oct 31, 2018.
             Slain by Sigmund
             ... wielding a +0 scythe
              (5 damage)
             ... on level 2 of the Dungeon.
             The game lasted 00:02:26 (1937 turns).

galech the Shield-Bearer (Demonspawn Fighter)       Turns: 1937, Time: 00:02:26

Health: -3/35      AC:  8    Str: 17    XL:     4   Next: 71%
Magic:  0/4        EV:  5    Int:  9    God:
Gold:   104        SH:  0    Dex: 13    Spells: 3/3 levels left

rFire    . . .     SeeInvis .   a - +0 war axe
rCold    . . .     Gourm    .   g - +0 large shield (curse)
rNeg     . . .     Faith    .   b - +0 scale mail
rPois    .         Spirit   +   e - +0 helmet
rElec    .         Reflect  .   (no cloak)
rCorr    .         Harm     .   (no gloves)
MR       .....                  (no boots)
Stlth    ..........             (no amulet)
HPRegen  0.11/turn              (no ring)
MPRegen  0.09/turn              (no ring)

@: confused
A: talons 1, magic shield
a: no special abilities


You were on level 2 of the Dungeon.
You were not hungry.

You visited 1 branch of the dungeon, and saw 2 of its levels.

You collected 104 gold pieces.

Inventory:

Hand Weapons
 a - a +0 war axe (weapon)
Armour
 b - a +0 scale mail (worn)
 e - a +0 helmet (worn)
 g - a cursed +0 large shield (worn)
Scrolls
 h - a scroll of teleportation {unknown}
 i - 4 scrolls of identify {unknown}
 j - a scroll of enchant armour {unknown}
 m - a scroll of remove curse {unknown}
Potions
 c - a potion of berserk rage {unknown}
 d - a potion of might
 k - 2 potions of degeneration {unknown}
Comestibles
 f - 2 rations
 l - a chunk of flesh


   Skills:
 + Level 3.3 Fighting
 + Level 2.6 Axes
 + Level 3.5 Armour
 + Level 0.5 Dodging
 + Level 3.5 Shields


You had 3 spell levels left.
You didn't know any spells.
Your spell library was empty.

Dungeon Overview and Level Annotations

Branches:
Dungeon (2/15)

Altars:

Annotations:
D:2 Sigmund


Innate Abilities, Weirdness & Mutations

You have sharp toenails.
When hurt, damage is shared between your health and your magic reserves.


Message History

Your shield and scale mail prevent you from hitting Sigmund.
Sigmund is heavily wounded.
You feel less confused. You block Sigmund's attack.
You slash Sigmund! Your kick misses Sigmund.
Sigmund is severely wounded.
Sigmund casts a spell at you.
You are confused.
Sigmund hits you with a +0 scythe.
* * * LOW HITPOINT WARNING * * *
You bump into the rock wall.
Sigmund casts a spell.
Sigmund flickers and vanishes!
Deactivating autopickup; reactivate with Ctrl-A.
Your shield and scale mail prevent you from hitting something.
Your kick misses something. Something hits you.
* * * LOW HITPOINT WARNING * * *
Something completely misses you. Something hits you.
You die...

..# #...... .@....
+...... ####).....
#...... #......b.#
##..... #.# #.##.#
##.... #.# #.##.#
##... #{# #.##.#
##'# #.# #.##.#
#.# #@###.##.####
#.# #...........#
##.#
###########.###...
#...#....
#........
#...###.# #####
###


There were no monsters in sight!

Vanquished Creatures
  An orc priest (D:2)
  Robin (D:2)
  An adder (D:2)
  An ooze (D:1)
  3 dart slugs
  2 leopard geckos
  3 orcs (D:2)
  4 bats
  2 giant cockroaches (D:1)
  10 goblins
  8 hobgoblins
  2 jackals (D:2)
  2 frilled lizards
  5 kobolds
  5 rats (D:1)
50 creatures vanquished.

Notes
Turn   | Place    | Note
-------+----------+-------------------------------------------
     0 | D:1      | galech the Demonspawn Fighter began the quest for the Orb.
     0 | D:1      | Reached XP level 1. HP: 18/18 MP: 1/1
   293 | D:1      | Gained mutation: You have sharp toenails. [demonic
                  | ancestry]
   293 | D:1      | Reached XP level 2. HP: 24/24 MP: 2/2
   911 | D:2      | Gained mutation: When hurt, damage is shared between your
                  | health and your magic reserves. [demonic ancestry]
   911 | D:2      | Reached XP level 3. HP: 27/29 MP: 3/3
   961 | D:2      | Noticed Robin
  1214 | D:2      | Killed Robin
  1214 | D:2      | Reached XP level 4. HP: 31/35 MP: 4/4
  1919 | D:2      | Noticed Sigmund
  1937 | D:2      | Slain by Sigmund

Vault maps used:
D:1:      dpeg_arrival_simpleton_c
D:2:      nicolae_overflow_hidden_temple, old_standard_altar, uniq_sigmund,
          uniq_robin

Skill      XL: |  1  2 |
---------------+-------+-----
Armour         | 3 |  3.5
Shields        | 3 |  3.5
Axes           | 2 |  2.6
Fighting       | |  3.3
Dodging        | |  0.5

Action                   |  1- 3 |  4- 6 || total
-------------------------+-------+-------++-------
Melee: War axe           |   100 |    51 ||   151
       Kick              |    18 |    12 ||    30
  Eat: Chunk             |     1 |     3 ||     4
Armor: Scale mail        |    62 |    31 ||    93
Dodge: Dodged            |    16 |    11 ||    27
Block: Large shield      |    92 |    49 ||   141
       Shield            |     4 |       ||     4

Table legend:
 A = Non-vault XP
 B = Vault XP
 C = Vault XP percentage of total XP
 D = Non-vault monster count
 E = Vault monster count
 F = Vault count percentage of total count
                 A         B        C        D         E       F
            +---------+---------+-------+---------+---------+-------
      Total |     130 |      38 |  22.6 |      37 |      13 |  26.0
            +---------+---------+-------+---------+---------+-------
        D:1 |      39 |      12 |  23.5 |      19 |       6 |  24.0
        D:2 |      91 |      26 |  22.2 |      18 |       7 |  28.0
            +---------+---------+-------+---------+---------+-------
